 Dungeon Crawl Stone Soup version 0.26-a0-665-gefeb406119 (webtiles) character file.

Game seed: 16294248718242544301

1593 Flugkiller the Tainter (level 8, -5/46 HPs)
             Began as a Deep Elf Venom Mage on Oct 14, 2020.
             Slain by a two-headed ogre
             ... wielding a +0 dire flail
              (13 damage)
             ... on level 6 of the Dungeon.
             The game lasted 00:17:53 (7662 turns).

Flugkiller the Tainter (Deep Elf Venom Mage)        Turns: 7662, Time: 00:17:54

Health: -5/46      AC:  5    Str:  5    XL:     8   Next: 61%
Magic:  4/17       EV: 16    Int: 23    God:
Gold:   380        SH:  5    Dex: 15    Spells: 4/17 levels left

rFire    . . .     SeeInvis .   f - +5 flail (venom)
rCold    . . .     Faith    .   (no shield)
rNeg     . . .     Spirit   .   y - +0 robe (curse)
rPois    .         Reflect  +   (no helmet)
rElec    .         Harm     .   p - +0 cloak
rCorr    .         Rampage  .   u - +0 pair of gloves
MR       .....                  l - +0 pair of boots
Stlth    +++.......             r - amulet of reflection
HPRegen  0.15/turn              b - ring of flight
MPRegen  0.15/turn              (no ring)

@: very slightly contaminated, bezotted
A: no striking features
a: Evoke Flight


You were on level 6 of the Dungeon.
You visited 1 branch of the dungeon, and saw 6 of its levels.
You also visited: Ossuary.

You collected 380 gold pieces.

Inventory:

Hand Weapons
 a - a +3 dagger of speed
   (You took it off an orc on level 5 of the Dungeon)
 f - a +5 flail of venom (weapon)
   (You took it off Edmund on level 4 of the Dungeon)
Missiles
 d - 168 stones (quivered)
 q - 16 boomerangs
Armour
 l - a +0 pair of boots (worn)
   (You found it on level 2 of the Dungeon)
 o - a cursed +0 kite shield
   (You found it on level 6 of the Dungeon)
 p - a +0 cloak (worn)
   (You found it on level 3 of the Dungeon)
 u - a +0 pair of gloves (worn)
   (You found it on level 4 of the Dungeon)
 y - a cursed +0 robe (worn)
   (You found it on level 5 of the Dungeon)
Jewellery
 b - a ring of flight (left hand)
   (You found it on level 1 of the Dungeon)
 r - an amulet of reflection (around neck)
   (You found it on level 3 of the Dungeon)
Scrolls
 e - 4 scrolls of magic mapping
 i - a scroll of amnesia
 j - 3 scrolls of remove curse
 k - 2 scrolls of teleportation
 s - 3 scrolls of immolation {unknown}
 v - a scroll of enchant weapon {unknown}
 w - 2 scrolls of enchant armour {unknown}
 x - a scroll of identify
Potions
 c - 2 potions of lignification
 g - 2 potions of stabbing {unknown}
 h - 6 potions of curing
 m - a potion of resistance {unknown}
 n - a potion of invisibility
 t - 3 potions of degeneration {unknown}
 z - 2 potions of heal wounds {unknown}
 A - a potion of flight {unknown}
 B - a potion of mutation {unknown}


   Skills:
 - Level 3.0 Fighting
 - Level 6.0 Dodging
 - Level 4.0 Stealth
 - Level 5.0 Spellcasting
 - Level 1.0 Conjurations
 - Level 2.0 Transmutations
 - Level 2.0 Air Magic
 + Level 9.0 Poison Magic
 - Level 0.1 Evocations


You had 4 spell levels left.
You knew the following spells:

 Your Spells              Type           Power        Failure   Level
a - Sting                 Tmut/Pois      ####         1%          1
b - Poisonous Vapours     Pois/Air       ####..       1%          2
c - Mephitic Cloud        Conj/Pois/Air  ###.....     5%          3
d - Olgreb's Toxic Radia  Pois           #####...     2%          4
e - Ignite Poison         Fire/Tmut/Pois ###.....     6%          3

Your spell library contained the following spells:

 Spells                   Type           Power        Failure   Level


Dungeon Overview and Level Annotations

Branches:
Dungeon (6/15)            Ossuary (visited)
 Temple: D:4-7

Altars:
Ashenzari

Annotations:
D:2 exclusion: door


Message History

Casting: Olgreb's Toxic Radiance (dangerous; 2% risk of failure)
Confirm with . or Enter, or press ? or * to list all spells.
Aiming: Poisonous Vapours (safe; 1% risk of failure)
Press: ? - help, Dir - move target cursor, f - two-headed ogre
Aim: a two-headed ogre, wielding a +0 dire flail and a +0 giant spiked club (lightly wounded, very poisoned) Poisonous vapours surround the two-headed ogre!
Your toxic aura wanes.
The two-headed ogre is engulfed in poison gas.
The two-headed ogre looks even sicker.
Casting: Poisonous Vapours (safe; 1% risk of failure)
Confirm with . or Enter, or press ? or * to list all spells.
Aiming: Mephitic Cloud (dangerous; 5% risk of failure)
Press: ? - help, Shift-Dir - straight line, f/p - two-headed ogre
Aim: a two-headed ogre, wielding a +0 dire flail and a +0 giant spiked club (moderately wounded, very poisoned)
The ball explodes into a vile cloud!
The stinking cloud engulfs the two-headed ogre but does no damage.
The two-headed ogre is moderately wounded.
You hear a shout! x2
The two-headed ogre is engulfed in noxious fumes.
The two-headed ogre appears confused.
Unknown command.
The two-headed ogre is engulfed in noxious fumes.
An orc warrior comes into view. It is wielding a +0 battleaxe.
Casting: Mephitic Cloud (dangerous; 5% risk of failure)
Confirm with . or Enter, or press ? or * to list all spells.
You begin to radiate toxic energy.
The orc warrior is poisoned.
The two-headed ogre looks even sicker.
The orc warrior looks even sicker.
Unknown command.
Casting: Olgreb's Toxic Radiance (dangerous; 2% risk of failure)
Confirm with . or Enter, or press ? or * to list all spells.
Aiming: Poisonous Vapours (safe; 1% risk of failure)
Press: ? - help, Dir - move target cursor, f/p - two-headed ogre
Aim: a two-headed ogre, wielding a +0 dire flail and a +0 giant spiked club (moderately wounded, confused, very poisoned)
You miscast Poisonous Vapours.
You are very lightly contaminated with residual magic.
Nothing appears to happen.
The orc warrior looks even sicker.
The two-headed ogre looks as sick as possible!
Your toxic aura wanes.
Unknown command.
The two-headed ogre seems less confused.
The two-headed ogre hits you with a +0 dire flail!
The two-headed ogre hits you with a +0 giant spiked club!!
Ouch! That really hurt!
* * * LOW HITPOINT WARNING * * *
There is a stone staircase leading up, spattered with blood here.
Okay, then.
Unknown command.
Okay, then.
The two-headed ogre hits you with a +0 dire flail!
You die...

#####$.#.#.# #
..........#.# #
######.##...# # #)##.###
# #.##.### # #......# #
###.O....###
########...........
#.@...##.#......###
..#######O....##.#......#
....o.................###
.#####.............####
####.....###### #######


You could see a two-headed ogre (very poisoned).

Vanquished Creatures
  Edmund (D:4)
  3 ogres
  3 centaurs
  A bullfrog (D:6)
  A scorpion (D:4)
  3 orc priests (D:5)
  4 hounds
  A gnoll shaman (D:5)
  5 orc wizards
  3 worker ants
  12 mummies (Ossuary)
  A worker ant zombie (D:6)
  6 adders
  6 gnolls (D:5)
  An adder skeleton (D:4)
  A worm (D:3)
  6 leopard geckos
  27 orcs
  8 bats
  4 giant cockroaches
  4 hobgoblins
  14 jackals
  11 kobolds
  3 quokkas
  A ball python (D:2)
  5 frilled lizards
  2 gnoll skeletons (Ossuary)
  6 goblins
  A goblin skeleton (Ossuary)
  3 kobold skeletons (Ossuary)
  2 orc skeletons (Ossuary)
  7 rats
  11 rat skeletons (Ossuary)
167 creatures vanquished.

Vanquished Creatures (others)
  9 toadstools (D:2)
9 creatures vanquished.

Grand Total: 176 creatures vanquished

Notes
Turn   | Place    | Note
-------+----------+-------------------------------------------
     0 | D:1      | Flugkiller the Deep Elf Venom Mage began the quest for the
                  | Orb.
     0 | D:1      | Reached XP level 1. HP: 10/10 MP: 6/6
   258 | D:1      | Reached skill level 4 in Poison Magic
   258 | D:1      | Reached XP level 2. HP: 15/15 MP: 6/8
   708 | D:1      | Reached XP level 3. HP: 19/19 MP: 3/9
  1028 | D:2      | Learned a level 2 spell: Poisonous Vapours
  1032 | D:2      | Learned a level 3 spell: Mephitic Cloud
  1590 | D:2      | Reached skill level 1 in Air Magic
  2450 | D:3      | Reached XP level 4. HP: 24/24 MP: 7/10
  2562 | D:3      | Reached skill level 5 in Poison Magic
  2877 | D:3      | Reached XP level 5. HP: 28/28 MP: 4/11
  3293 | D:4      | Noticed Edmund
  3371 | D:4      | Killed Edmund
  3371 | D:4      | Reached skill level 6 in Poison Magic
  3371 | D:4      | Reached skill level 1 in Conjurations
  3371 | D:4      | Reached skill level 1 in Fighting
  3381 | D:4      | Reached XP level 6. HP: 31/34 MP: 0/14
  3784 | D:4      | Reached skill level 7 in Poison Magic
  4092 | D:4      | Found a broken altar of Ashenzari.
  4223 | D:4      | Reached XP level 7. HP: 38/38 MP: 8/16
  4300 | D:4      | Reached skill level 5 in Spellcasting
  4610 | D:5      | Entered Level 5 of the Dungeon
  4656 | D:5      | Learned a level 4 spell: Olgreb's Toxic Radiance
  4660 | D:5      | Learned a level 3 spell: Ignite Poison
  4956 | D:5      | Found a sand-covered staircase.
  4973 | Ossuary  | Entered an ossuary
  5971 | D:5      | Reached skill level 8 in Poison Magic
  6274 | D:5      | Reached XP level 8. HP: 39/44 MP: 10/17
  6403 | D:5      | Reached skill level 5 in Dodging
  6983 | D:6      | Noticed a two-headed ogre
  7458 | D:6      | Reached skill level 9 in Poison Magic
  7662 | D:6      | Slain by a two-headed ogre

Illustrated notes

Levels and vault maps discovered:
D:1:      sevenhm_arrival_forest_fort_small_6, layout_loops_ring
D:2:      cheibrodos_fertilizer, layout_loops_ring, guppyfry_early_lair_pool
D:3:      layout_basic
D:4:      layout_cave_pools, ashenzari_conservatory_becter,
          supply_closet_lemuel, kennysheep_boxes, uniq_edmund
D:5:      layout_basic, nicolae_ossuary_entry_ruins
D:6:      layout_loops_ring, basic_altar, uniq_prince_ribbit1, uniq_grinder

Skill      XL: |  1  2  3  4  5  6  7  8 |
---------------+-------------------------+-----
Poison Magic   | 4 5 6 7 8 9 |  9.0
Stealth        | 3 4 |  4.0
Air Magic      | 1 2 |  2.0
Conjurations   | 1 |  1.0
Fighting       | 1 2 3 |  3.0
Spellcasting   | 4 5 |  5.0
Dodging        | 4 6 |  6.0
Transmutations | 2 |  2.0
Evocations     | |  0.1

Action                   |  1- 3 |  4- 6 |  7- 9 || total
-------------------------+-------+-------+-------++-------
Melee: Dagger            |     9 |     7 |       ||    16
       Flail             |       |     8 |    91 ||    99
Throw: Stone             |     2 |       |       ||     2
 Cast: Sting             |    69 |    14 |    22 ||   105
       Poisonous Vapours |    17 |    46 |    38 ||   101
       Mephitic Cloud    |       |       |    16 ||    16
       Ignite Poison     |       |       |    12 ||    12
       Olgreb's Toxic Ra |       |       |     9 ||     9
  Use: Scroll            |     1 |     5 |     2 ||     8
       Potion            |       |     1 |       ||     1
 Stab: Sleeping          |       |       |     5 ||     5
Armor: Robe              |     8 |     6 |    15 ||    29
Dodge: Dodged            |    42 |    16 |    66 ||   124
Block: Other             |       |     6 |    11 ||    17

Table legend: (Time is in decaauts)
 A = Elapsed time spent in this place.
 B = Non-inter-level travel time spent in this place.
 C = Inter-level travel time spent in this place.
 D = Time resting spent in this place.
 E = Time spent auto-exploring this place.
 F = Levels seen in this place.
 G = Mean time per level.
                   A        B        C        D        E       F      G
               +--------+--------+--------+--------+--------+-----+--------+
         Total |   7739 |   7421 |    318 |   1721 |   3109 |   7 | 1105.6 |
       Dungeon |   6798 |   6480 |    318 |   1308 |   2937 |   6 | 1133.0 |
       Ossuary |    940 |    940 |      0 |    413 |    172 |   1 |  940.0 |
               +--------+--------+--------+--------+--------+-----+--------+

Top non-repeatable levels by time:
     D:5: 1603 daAuts
     D:4: 1236 daAuts
     D:2: 1230 daAuts
     D:3: 1164 daAuts
     D:1: 1008 daAuts
 Ossuary: 940 daAuts
     D:6: 555 daAuts
